cohdb
Replays
Latest Replays
All Replays
Popular Replays
Top Player Replays
Match Explorer
How It Works
Community
CoH3 Stats
Reddit
Sign in to upload your games and track your stats! →
Sign in with Steam
Match 44908061
Unlisted
Match 44908061
Overview
Messages
Build Orders
End
Engineer Squad
Selects Special Operations Battlegroup
Selects M29 Weasel Recon Vehicle
M29 Weasel Recon Vehicle
Construct Weapon Support Center
M1919 Machine Gun Team
M1919 Machine Gun Team
Infantry Support Center
Construct Medical Station
Selects Raiding Flares
Raiding Flares
.30 cal Machine Gun
Advanced Logistics
Selects SSF Commando Squad
SSF Commando Squad
SSF Commando Squad
Survival Training
SSF Commando Squad
Improved M9 Bazooka Rockets
SSF Commando Squad
Selects Air Re-supply Operation
Selects Mark Vehicle
Mark Vehicle
Construct Tank Depot
SSF Commando Squad
Mark Vehicle
SSF Commando Squad
M18 Hellcat Tank Destroyer
severedhand
咚咚锵个腿
0
0
Comments
sign in to comment!
No comments posted yet!